MapleLeafs vs Blues

Created - Thursday, January 22, 2015 at 00:01

Goals
1 2 3 OT1 SO T
MapleLeafs 0 0 1 0 1 1
Blues 1 0 0 0 2 2
Shots
1 2 3 OT1 SO T
MapleLeafs 9 11 8 2 4 30
Blues 5 13 10 6 4 34

1st period

1. Blues , Josh Gorges 7 (Zdeno Chara, Rick Nash) at 2:22 (PP)

Penalties :
Robyn Regehr (Tor) for Hooking (Minor) at 1:33, Zack Smith (Tor) for Tripping (Minor) at 5:47, Zdeno Chara (StL) for Boarding (Minor) at 10:48, Nick Foligno (Tor) for Roughing (Minor) at 13:28, Jarred Tinordi (Tor) for Hooking (Minor) at 17:39, Anders Lee (StL) for Interference (Minor) at 18:55

2nd period

No Goal

Penalties :
No Penalty

3rd period

2. MapleLeafs , Brandon Sutter 6 (Drew Doughty) at 10:05

Penalties :
Kevan Miller (StL) for Interference (Minor) at 0:59, Andrew Desjardins (StL) for Holding (Minor) at 3:58, Steve Ott (StL) for Goalie Interference (Minor) at 6:40, Johan Franzen (StL) for Hooking (Minor) at 14:51

Overtime #1

No Goal

Penalties :
Zack Smith (Tor) for Roughing (Minor) at 4:14

Shootout

Penalty Shot by Joe Thornton for MapleLeafs - Stopped by Henrik Lundqvist
Penalty Shot by Sean Couturier for Blues - Shot Misses the Net
Penalty Shot by Alexander Steen for MapleLeafs - Stopped by Henrik Lundqvist
Penalty Shot by Steve Ott for Blues - Goal!
Penalty Shot by Drew Doughty for MapleLeafs - Goal!
Penalty Shot by Rick Nash for Blues - Shot Misses the Net
Penalty Shot by Ryan Kesler for MapleLeafs - Stopped by Henrik Lundqvist
Penalty Shot by Johan Franzen for Blues - Goal!

Penalties :
No Penalty

Goalie Stats

Cory Schneider (Tor), 33 saves from 34 shots - (0.971), OTL, 23-6-7, 65:00 minutes
Henrik Lundqvist (StL), 29 saves from 30 shots - (0.967), W, 28-8-3, 65:00 minutes

Players Stats for MapleLeafs

Player Name              G  A  P  +/- PIM S  H  SB GA TA FO     MP     PP MP  PK MP  
------------------------------------------------------------------------------------
Alexander Steen          0  0  0   0  0   2  2  0  5  0  0/1    21:21   6:13   0:00 
Brandon Sutter           1  0  1   1  0   1  3  0  0  0  11/21  18:46   4:58   4:24 
Carl Gunnarsson          0  0  0   0  0   1  3  0  0  1  0/0    15:37   0:00   3:16 
Colton Gillies           0  0  0   0  0   0  0  0  0  1  0/0    10:09   0:00   0:00 
Dominic Moore            0  0  0   0  0   0  0  0  0  0  0/0    13:06   0:00   1:55 
Drew Doughty             0  1  1   1  0   5  2  3  2  2  0/0    29:42   7:15   3:56 
Dustin Brown             0  0  0   0  0   0  3  0  0  0  0/0    16:08   4:58   0:00 
Gregory Campbell         0  0  0   1  0   2  0  0  0  2  0/0    12:18   0:00   4:08 
Jarred Tinordi           0  0  0   0  2   0  3  3  0  1  0/0    12:34   0:14   0:00 
Joe Thornton             0  0  0   0  0   5  0  0  7  0  14/18  21:21   6:13   0:00 
Karl Alzner              0  0  0   0  0   0  1  1  0  2  0/0    22:56   3:56   2:52 
Kyle Palmieri            0  0  0   1  0   3  1  0  3  0  0/0     8:07   0:00   0:00 
Lee Stempniak            0  0  0   0  0   1  1  0  0  1  0/1    11:17   0:00   0:00 
Marc-Edouard Vlasic      0  0  0   0  0   3  0  1  0  1  0/0    20:04   3:56   0:00 
Nick Foligno             0  0  0   0  2   0  3  0  4  0  0/2    18:45   4:58   0:29 
Robyn Regehr             0  0  0   1  2   3  0  2  0  2  0/0    29:17   7:15   3:32 
Ryan Kesler              0  0  0   0  0   1  4  1  3  0  6/10   19:20   5:59   1:55 
Zack Smith               0  0  0   0  4   3  1  1  1  0  2/6    11:31   0:00   0:00 

Players Stats for Blues

Player Name              G  A  P  +/- PIM S  H  SB GA TA FO     MP     PP MP  PK MP  
------------------------------------------------------------------------------------
Anders Lee               0  0  0   0  2   1  1  0  2  1  0/3    12:39   2:58   0:00 
Andrew Desjardins        0  0  0   0  2   1  0  0  0  1  3/6     8:31   0:00   1:12 
Artem Anisimov           0  0  0   0  0   1  0  0  0  0  0/0    15:29   0:00   1:12 
Brandon Saad             0  0  0  -1  0   1  1  0  3  0  0/2    19:41   3:04   5:13 
Bryan Allen              0  0  0   0  0   1  1  1  0  0  0/0    26:16   0:00   4:32 
Cam Atkinson             0  0  0  -1  0   5  1  0  2  0  0/0    11:15   0:00   0:00 
Hampus Lindholm          0  0  0   0  0   2  0  0  0  1  0/0    12:14   2:54   0:00 
Joe Vitale               0  0  0  -1  0   0  1  0  0  1  9/12   13:19   0:00   4:26 
Johan Franzen            0  0  0   0  2   3  2  0  5  1  0/3    26:10   2:59   4:46 
Josh Gorges              1  0  1  -1  0   3  1  3  0  2  0/0    21:17   3:09   1:58 
Kevan Miller             0  0  0  -1  2   1  0  1  0  3  0/0    18:21   0:00   5:09 
Mark Fayne               0  0  0   0  0   4  0  1  0  2  0/0    19:41   0:00   6:18 
Matt Donovan             0  0  0   0  0   0  0  0  0  0  0/0     7:12   2:54   0:00 
Rick Nash                0  1  1   0  0   6  0  0  4  0  0/0    19:47   3:04   0:00 
Sean Couturier           0  0  0   0  0   2  0  2  2  1  6/20   21:01   3:04   5:13 
Steve Ott                0  0  0   0  2   0  1  2  1  0  7/11   14:06   0:00   0:00 
Tomas Tatar              0  0  0   0  0   1  0  0  4  1  1/2    15:37   2:59   0:20 
Zdeno Chara              0  1  1   0  2   2  4  3  0  1  0/0    25:19   3:09   4:25 

3 Stars

1 - Cory Schneider (Tor)
2 - Henrik Lundqvist (StL)
3 - Brandon Sutter (Tor)

Power Play

MapleLeafs - 0 on 6 Attempt(s) - 0.00%
Blues - 1 on 5 Attempt(s) - 20.00%

Penalty Kill

MapleLeafs - 4 on 5 Attempt(s) - 80.00% - Score 0 goal in Penalty Kill
Blues - 6 on 6 Attempt(s) - 100.00% - Score 0 goal in Penalty Kill

Team Stat

MapleLeafs - Hits : 27 - Faceoff Wins : 33 - Blocked Shots : 12 - Penalty Minutes : 10
Blues - Hits : 13 - Faceoff Wins : 26 - Blocked Shots : 13 - Penalty Minutes : 12

Official

Referees : Unknown
Linesman : Unknown

Game Notes

Joe Vitale is injured at 11:42 of 3rd period (Sprained Right Finger)

Finance

Level 1 -- Attendance: 5605 (93.42%) -- Ticket Income $476,425
Level 2 -- Attendance: 4577 (91.54%) -- Ticket Income $219,696
Level 3 -- Attendance: 1824 (91.20%) -- Ticket Income $41,952
Level 4 -- Attendance: 3824 (95.60%) -- Ticket Income $45,888
Luxury Box -- Attendance: 1000 (100.00%) -- Ticket Income $166,000
Game was played at the Savis Center'
Total Attendance: 16830 (93.50%)
Total Ticket Income: $949,961
Other Income: $465,481
Total Income: $1,415,442

MapleLeafs

5 vs 5 Forward 
   Center                   Left Wing                Right Wing               Time % Phy DF OF 
 1 Joe Thornton             Alexander Steen          Nick Foligno             35     0   1  4  
 2 Ryan Kesler              Dustin Brown             Lee Stempniak            30     1   1  3  
 3 Brandon Sutter           Gregory Campbell         Kyle Palmieri            22     1   2  2  
 4 Zack Smith               Dominic Moore            Colton Gillies           13     2   2  1  

5 vs 5 Defense 
   Defense                  Defense                                           Time % Phy DF OF 
 1 Drew Doughty             Robyn Regehr                                      35     1   2  2  
 2 Karl Alzner              Marc-Edouard Vlasic                               30     1   2  2  
 3 Jarred Tinordi           Carl Gunnarsson                                   22     1   2  2  
 4 Drew Doughty             Robyn Regehr                                      13     1   2  2  

PowerPlay Forward 
   Center                   Left Wing                Right Wing               Time % Phy DF OF 
 1 Joe Thornton             Alexander Steen          Ryan Kesler              60     0   1  4  
 2 Brandon Sutter           Dustin Brown             Nick Foligno             40     0   1  4  

PowerPlay Defense
   Defense                  Defense                                           Time % Phy DF OF 
 1 Drew Doughty             Robyn Regehr                                      60     1   1  3  
 2 Karl Alzner              Marc-Edouard Vlasic                               40     1   1  3  

Penalty Kill 4 Players Forward 
   Center                   Wing                     Time % Phy DF OF 
 1 Brandon Sutter           Gregory Campbell         60     0   4  1  
 2 Ryan Kesler              Dominic Moore            40     0   4  1  

Penalty Kill 4 Players Defense
   Defense                  Defense                  Time % Phy DF OF 
 1 Drew Doughty             Robyn Regehr             60     1   4  0  
 2 Karl Alzner              Carl Gunnarsson          40     1   4  0  

Penalty Kill - 3 Players Forward 
   Forward                                           Time % Phy DF OF 
 1 Brandon Sutter                                    60     0   5  0  
 2 Ryan Kesler                                       40     0   5  0  

Penalty Kill - 3 Players Defense
   Defense                  Defense                  Time % Phy DF OF 
 1 Drew Doughty             Robyn Regehr             60     0   5  0  
 2 Karl Alzner              Carl Gunnarsson          40     0   5  0  

4 vs 4 Forward 
   Center                   Wing                     Time % Phy DF OF 
 1 Joe Thornton             Alexander Steen          60     1   2  2  
 2 Ryan Kesler              Dominic Moore            40     1   2  2  

4 vs 4 Defense
   Defense                  Defense                  Time % Phy DF OF 
 1 Drew Doughty             Robyn Regehr             60     1   2  2  
 2 Karl Alzner              Marc-Edouard Vlasic      40     1   2  2  

Last Minutes Offensive
   Center                   Left Wing                Right Wing               Defense                  Defense                  
   Joe Thornton             Alexander Steen          Ryan Kesler              Drew Doughty             Robyn Regehr             

Last Minutes Defensive
   Center                   Left Wing                Right Wing               Defense                  Defense                  
   Joe Thornton             Alexander Steen          Ryan Kesler              Drew Doughty             Robyn Regehr             

Goaltenders
Starting : Cory Schneider           
Backup : Ondrej Pavelec           

Extra Forwards
Normal : Lee Stempniak, Zack Smith, Nick Foligno - PP : Lee Stempniak, Zack Smith - PK : Nick Foligno
Extra Defensemen
Normal : Jarred Tinordi, Carl Gunnarsson, Karl Alzner - PP : Marc-Edouard Vlasic - PK : Carl Gunnarsson, Karl Alzner
Penalty Shots
Joe Thornton, Alexander Steen, Drew Doughty, Ryan Kesler, Dustin Brown

Blues

5 vs 5 Forward 
   Center                   Left Wing                Right Wing               Time % Phy DF OF 
 1 Sean Couturier           Johan Franzen            Tomas Tatar              34     1   1  3  
 2 Steve Ott                Artem Anisimov           Rick Nash                30     1   1  3  
 3 Joe Vitale               Brandon Saad             Cam Atkinson             24     1   2  2  
 4 Andrew Desjardins        Anders Lee               Johan Franzen            12     1   2  2  

5 vs 5 Defense 
   Defense                  Defense                                           Time % Phy DF OF 
 1 Zdeno Chara              Bryan Allen                                       35     1   3  1  
 2 Kevan Miller             Josh Gorges                                       32     1   3  1  
 3 Mark Fayne               Hampus Lindholm                                   19     1   3  1  
 4 Matt Donovan             Bryan Allen                                       14     1   3  1  

PowerPlay Forward 
   Center                   Left Wing                Right Wing               Time % Phy DF OF 
 1 Sean Couturier           Brandon Saad             Rick Nash                50     1   1  3  
 2 Anders Lee               Johan Franzen            Tomas Tatar              50     1   1  3  

PowerPlay Defense
   Defense                  Defense                                           Time % Phy DF OF 
 1 Zdeno Chara              Josh Gorges                                       50     1   1  3  
 2 Hampus Lindholm          Matt Donovan                                      50     1   1  3  

Penalty Kill 4 Players Forward 
   Center                   Wing                     Time % Phy DF OF 
 1 Sean Couturier           Brandon Saad             50     1   4  0  
 2 Joe Vitale               Johan Franzen            50     1   4  0  

Penalty Kill 4 Players Defense
   Defense                  Defense                  Time % Phy DF OF 
 1 Zdeno Chara              Bryan Allen              50     1   4  0  
 2 Mark Fayne               Kevan Miller             50     1   4  0  

Penalty Kill - 3 Players Forward 
   Forward                                           Time % Phy DF OF 
 1 Sean Couturier                                    50     1   4  0  
 2 Artem Anisimov                                    50     1   4  0  

Penalty Kill - 3 Players Defense
   Defense                  Defense                  Time % Phy DF OF 
 1 Zdeno Chara              Bryan Allen              50     1   4  0  
 2 Josh Gorges              Kevan Miller             50     1   4  0  

4 vs 4 Forward 
   Center                   Wing                     Time % Phy DF OF 
 1 Sean Couturier           Rick Nash                50     1   3  1  
 2 Johan Franzen            Anders Lee               50     1   3  1  

4 vs 4 Defense
   Defense                  Defense                  Time % Phy DF OF 
 1 Zdeno Chara              Josh Gorges              50     1   3  1  
 2 Mark Fayne               Bryan Allen              50     1   3  1  

Last Minutes Offensive
   Center                   Left Wing                Right Wing               Defense                  Defense                  
   Sean Couturier           Brandon Saad             Rick Nash                Zdeno Chara              Josh Gorges              

Last Minutes Defensive
   Center                   Left Wing                Right Wing               Defense                  Defense                  
   Sean Couturier           Steve Ott                Rick Nash                Zdeno Chara              Josh Gorges              

Goaltenders
Starting : Henrik Lundqvist         
Backup : Frederik Andersen        

Extra Forwards
Normal : Tomas Tatar, Cam Atkinson, Andrew Desjardins - PP : Tomas Tatar, Cam Atkinson - PK : Andrew Desjardins
Extra Defensemen
Normal : Kevan Miller, Bryan Allen, Josh Gorges - PP : Kevan Miller - PK : Zdeno Chara, Josh Gorges
Penalty Shots
Sean Couturier, Steve Ott, Rick Nash, Johan Franzen, Artem Anisimov

% Time on Ice - MapleLeafs

Lines # - Real PCT - Wanted PCT - Time Play
Normal Forward
1 - 29% - 35% - 12:17
2 - 27% - 30% - 11:30
3 - 19% - 22% - 8:07
4 - 24% - 13% - 10:09
Normal Defense
1 - 32% - 35% - 13:38
2 - 34% - 30% - 14:21
3 - 29% - 22% - 12:22
4 - 4% - 13% - 1:42
PP Forward
1 - 56% - 60% - 6:13
2 - 44% - 40% - 4:58
PP Defense
1 - 65% - 60% - 7:15
2 - 35% - 40% - 3:56
PK Forward
1 - 68% - 60% - 4:08
2 - 32% - 40% - 1:55
PK Defense
1 - 62% - 60% - 3:44
2 - 38% - 40% - 2:19
PK3 Forward
1 - 100% - 60% - 0:45
2 - 0% - 40% - 0:00
PK3 Defense
1 - 27% - 60% - 0:12
2 - 73% - 40% - 0:33
44 Forward
1 - 86% - 60% - 4:16
2 - 14% - 40% - 0:42
44 Defense
1 - 64% - 60% - 3:11
2 - 36% - 40% - 1:47
Last Minute Offensive  - 0:00
Last Minute Defensive  - 0:00
Total
Forward - 65:00
Defense - 65:00

% Time on Ice - Blues

Lines # - Real PCT - Wanted PCT - Time Play
Normal Forward
1 - 24% - 34% - 10:06
2 - 36% - 30% - 15:14
3 - 26% - 24% - 10:44
4 - 14% - 12% - 5:59
Normal Defense
1 - 35% - 35% - 14:48
2 - 34% - 32% - 14:23
3 - 21% - 19% - 8:57
4 - 9% - 14% - 3:55
PP Forward
1 - 51% - 50% - 3:04
2 - 49% - 50% - 2:59
PP Defense
1 - 52% - 50% - 3:09
2 - 48% - 50% - 2:54
PK Forward
1 - 47% - 50% - 5:13
2 - 53% - 50% - 5:58
PK Defense
1 - 44% - 50% - 4:53
2 - 56% - 50% - 6:18
PK3 Forward
1 - 0% - 50%
2 - 0% - 50%
PK3 Defense
1 - 0% - 50%
2 - 0% - 50%
44 Forward
1 - 46% - 50% - 2:38
2 - 54% - 50% - 3:05
44 Defense
1 - 47% - 50% - 2:42
2 - 53% - 50% - 3:01
Last Minute Offensive  - 0:00
Last Minute Defensive  - 0:00
Total
Forward - 65:00
Defense - 65:00

Play by Play

1st period


0:01 of 1st period - Joe Thornton wins face-off versus Sean Couturier in neutral zone.
0:55 of 1st period - Lee Stempniak is hit by Steve Ott and loses puck.
1:33 of 1st period - Minor Penalty to Robyn Regehr for Hooking.
1:34 of 1st period - Brandon Sutter wins face-off versus Anders Lee in MapleLeafs zone.
1:58 of 1st period - Wrist shot by Gregory Campbell.
1:58 of 1st period - Stopped by Henrik Lundqvist without a rebound.
1:59 of 1st period - Ryan Kesler wins face-off versus Brandon Saad in Blues zone.
2:18 of 1st period - Snap shot by Rick Nash.
2:18 of 1st period - Stopped by Cory Schneider with a rebound.
2:20 of 1st period - Slapshot by Zdeno Chara.
2:20 of 1st period - Shot Misses the Net.
2:22 of 1st period - Slapshot by Josh Gorges.
2:22 of 1st period - Goal by Josh Gorges - MapleLeafs : 0 - Blues : 1.
2:23 of 1st period - Brandon Sutter wins face-off versus Joe Vitale in neutral zone.
4:15 of 1st period - Bryan Allen is hit by Carl Gunnarsson and loses puck.
4:38 of 1st period - Snap shot by Alexander Steen.
4:38 of 1st period - Shot Blocked by Steve Ott.
4:40 of 1st period - Slapshot by Drew Doughty.
4:40 of 1st period - Stopped by Henrik Lundqvist with a rebound.
5:45 of 1st period - Slapshot by Brandon Saad.
5:45 of 1st period - Shot Misses the Net.
5:47 of 1st period - Minor Penalty to Zack Smith for Tripping.
5:48 of 1st period - Brandon Sutter wins face-off versus Sean Couturier in MapleLeafs zone.
6:03 of 1st period - Slapshot by Sean Couturier.
6:03 of 1st period - Deflect By Brandon Saad.
6:03 of 1st period - Shot Misses the Net.
6:03 of 1st period - Puck is out of play.
6:04 of 1st period - Sean Couturier wins face-off versus Brandon Sutter in MapleLeafs zone.
6:53 of 1st period - Zdeno Chara is hit by Ryan Kesler and loses puck.
7:47 of 1st period - Penalty to Zack Smith is over, Zack Smith is back on ice.
7:47 of 1st period - Slapshot by Tomas Tatar.
7:47 of 1st period - Shot Blocked by Drew Doughty.
7:49 of 1st period - Slapshot by Hampus Lindholm.
7:49 of 1st period - Deflect By Johan Franzen.
7:49 of 1st period - Shot Blocked by Robyn Regehr.
7:49 of 1st period - Puck is out of play.
7:50 of 1st period - Joe Thornton wins face-off versus Anders Lee in MapleLeafs zone.
8:55 of 1st period - Wrist shot by Ryan Kesler.
8:55 of 1st period - Stopped by Henrik Lundqvist without a rebound.
8:56 of 1st period - Ryan Kesler wins face-off versus Steve Ott in Blues zone.
9:15 of 1st period - Snap shot by Lee Stempniak.
9:15 of 1st period - Stopped by Henrik Lundqvist with a rebound.
9:17 of 1st period - Slapshot by Robyn Regehr.
9:17 of 1st period - Deflect By Rick Nash.
9:17 of 1st period - Stopped by Henrik Lundqvist with a rebound.
9:19 of 1st period - Slapshot by Robyn Regehr.
9:19 of 1st period - Shot Blocked by Josh Gorges.
9:21 of 1st period - Slapshot by Drew Doughty.
9:21 of 1st period - Shot Misses the Net.
9:43 of 1st period - Wrist shot by Zack Smith.
9:43 of 1st period - Stopped by Henrik Lundqvist without a rebound.
9:44 of 1st period - Zack Smith wins face-off versus Joe Vitale in Blues zone.
9:57 of 1st period - Zack Smith is hit by Joe Vitale and loses puck.
10:06 of 1st period - Slapshot by Cam Atkinson.
10:06 of 1st period - Stopped by Cory Schneider with a rebound.
10:08 of 1st period - Slapshot by Hampus Lindholm.
10:08 of 1st period - Shot Misses the Net.
10:10 of 1st period - Slapshot by Mark Fayne.
10:10 of 1st period - Shot Blocked by Marc-Edouard Vlasic.
10:12 of 1st period - Slapshot by Hampus Lindholm.
10:12 of 1st period - Stopped by Cory Schneider without a rebound.
10:13 of 1st period - Sean Couturier wins face-off versus Alexander Steen in MapleLeafs zone.
10:25 of 1st period - Bryan Allen is hit by Carl Gunnarsson and loses puck.
10:48 of 1st period - Minor Penalty to Zdeno Chara for Boarding.
10:49 of 1st period - Joe Thornton wins face-off versus Sean Couturier in Blues zone.
11:30 of 1st period - Icing by Nick Foligno.
11:31 of 1st period - Brandon Sutter wins face-off versus Joe Vitale in MapleLeafs zone.
11:55 of 1st period - Wrist shot by Nick Foligno.
11:55 of 1st period - Shot Misses the Net.
12:21 of 1st period - Wrist shot by Joe Thornton.
12:21 of 1st period - Stopped by Henrik Lundqvist with a rebound.
12:48 of 1st period - Penalty to Zdeno Chara is over, Zdeno Chara is back on ice.
12:59 of 1st period - Snap shot by Dustin Brown.
12:59 of 1st period - Shot Misses the Net.
13:01 of 1st period - Wrist shot by Robyn Regehr.
13:01 of 1st period - Shot Blocked by Mark Fayne.
13:03 of 1st period - Snap shot by Drew Doughty.
13:03 of 1st period - Stopped by Henrik Lundqvist without a rebound.
13:04 of 1st period - Steve Ott wins face-off versus Nick Foligno in Blues zone.
13:04 of 1st period - Steve Ott is hit by Nick Foligno.
13:26 of 1st period - Snap shot by Artem Anisimov.
13:26 of 1st period - Shot Misses the Net.
13:28 of 1st period - Minor Penalty to Nick Foligno for Roughing.
13:29 of 1st period - Brandon Sutter wins face-off versus Anders Lee in MapleLeafs zone.
13:29 of 1st period - Brandon Sutter is hit by Johan Franzen.
15:28 of 1st period - Penalty to Nick Foligno is over, Nick Foligno is back on ice.
15:28 of 1st period - Robyn Regehr is hit by Anders Lee.
16:32 of 1st period - Josh Gorges is hit by Ryan Kesler.
16:38 of 1st period - Kevan Miller is hit by Ryan Kesler and loses puck.
17:02 of 1st period - Snap shot by Rick Nash.
17:02 of 1st period - Shot Misses the Net.
17:10 of 1st period - Wrist shot by Rick Nash.
17:10 of 1st period - Stopped by Cory Schneider with a rebound.
17:33 of 1st period - Snap shot by Johan Franzen.
17:33 of 1st period - Shot Blocked by Jarred Tinordi.
17:39 of 1st period - Minor Penalty to Jarred Tinordi for Hooking.
17:40 of 1st period - Brandon Sutter wins face-off versus Sean Couturier in MapleLeafs zone.
18:55 of 1st period - Minor Penalty to Anders Lee for Interference.
18:56 of 1st period - Joe Thornton wins face-off versus Sean Couturier in Blues zone.
18:59 of 1st period - Wrist shot by Joe Thornton.
18:59 of 1st period - Stopped by Henrik Lundqvist with a rebound.
19:34 of 1st period - Johan Franzen is hit by Drew Doughty and loses puck.
19:39 of 1st period - Penalty to Jarred Tinordi is over, Jarred Tinordi is back on ice.
19:41 of 1st period - Drew Doughty is hit by Zdeno Chara and loses puck.
19:48 of 1st period - Zdeno Chara is hit by Jarred Tinordi and loses puck.
Goals for this period are 0 for MapleLeafs vs 1 for Blues.
Shots for this period are 9 for MapleLeafs vs 5 for Blues.

2nd period


0:01 of 2nd period - Joe Thornton wins face-off versus Sean Couturier in neutral zone.
0:54 of 2nd period - Kevan Miller is hit by Brandon Sutter and loses puck.
0:55 of 2nd period - Penalty to Anders Lee is over, Anders Lee is back on ice.
1:05 of 2nd period - Wrist shot by Johan Franzen.
1:05 of 2nd period - Stopped by Cory Schneider with a rebound.
1:07 of 2nd period - Slapshot by Anders Lee.
1:07 of 2nd period - Shot Misses the Net.
1:09 of 2nd period - Slapshot by Zdeno Chara.
1:09 of 2nd period - Stopped by Cory Schneider with a rebound.
1:11 of 2nd period - Snap shot by Johan Franzen.
1:11 of 2nd period - Stopped by Cory Schneider with a rebound.
1:13 of 2nd period - Snap shot by Joe Vitale.
1:13 of 2nd period - Deflect By Johan Franzen.
1:13 of 2nd period - Shot Misses the Net.
1:13 of 2nd period - Puck is out of play.
1:14 of 2nd period - Steve Ott wins face-off versus Zack Smith in MapleLeafs zone.
2:09 of 2nd period - Snap shot by Brandon Sutter.
2:09 of 2nd period - Deflect By Kyle Palmieri.
2:09 of 2nd period - Stopped by Henrik Lundqvist with a rebound.
2:11 of 2nd period - Slapshot by Gregory Campbell.
2:11 of 2nd period - Shot Blocked by Zdeno Chara.
2:13 of 2nd period - Wrist shot by Gregory Campbell.
2:13 of 2nd period - Stopped by Henrik Lundqvist without a rebound.
2:14 of 2nd period - Brandon Sutter wins face-off versus Sean Couturier in Blues zone.
3:14 of 2nd period - Robyn Regehr is hit by Josh Gorges and loses puck.
3:37 of 2nd period - Drew Doughty is hit by Brandon Saad and loses puck.
4:24 of 2nd period - Bryan Allen is hit by Dustin Brown and loses puck.
5:26 of 2nd period - Mark Fayne is hit by Nick Foligno and loses puck.
5:47 of 2nd period - Wrist shot by Rick Nash.
5:47 of 2nd period - Stopped by Cory Schneider without a rebound.
5:48 of 2nd period - Brandon Sutter wins face-off versus Steve Ott in MapleLeafs zone.
6:44 of 2nd period - Wrist shot by Brandon Saad.
6:44 of 2nd period - Shot Misses the Net.
6:46 of 2nd period - Wrist shot by Cam Atkinson.
6:46 of 2nd period - Shot Misses the Net.
6:48 of 2nd period - Slapshot by Kevan Miller.
6:48 of 2nd period - Deflect By Drew Doughty.
6:48 of 2nd period - Stopped by Cory Schneider with a rebound.
7:31 of 2nd period - Snap shot by Dominic Moore.
7:31 of 2nd period - Shot Misses the Net.
7:54 of 2nd period - Colton Gillies is hit by Zdeno Chara and loses puck.
8:39 of 2nd period - Slapshot by Joe Thornton.
8:39 of 2nd period - Shot Blocked by Josh Gorges.
9:01 of 2nd period - Wrist shot by Rick Nash.
9:01 of 2nd period - Stopped by Cory Schneider with a rebound.
9:03 of 2nd period - Slapshot by Mark Fayne.
9:03 of 2nd period - Stopped by Cory Schneider without a rebound.
9:04 of 2nd period - Steve Ott wins face-off versus Brandon Sutter in MapleLeafs zone.
9:21 of 2nd period - Slapshot by Drew Doughty.
9:21 of 2nd period - Stopped by Henrik Lundqvist without a rebound.
9:22 of 2nd period - Joe Vitale wins face-off versus Ryan Kesler in Blues zone.
9:54 of 2nd period - Snap shot by Tomas Tatar.
9:54 of 2nd period - Stopped by Cory Schneider with a rebound.
9:56 of 2nd period - Slapshot by Josh Gorges.
9:56 of 2nd period - Shot Blocked by Drew Doughty.
10:12 of 2nd period - Steve Ott is hit by Lee Stempniak and loses puck.
10:29 of 2nd period - Slapshot by Alexander Steen.
10:29 of 2nd period - Deflect By Joe Thornton.
10:29 of 2nd period - Stopped by Henrik Lundqvist with a rebound.
10:31 of 2nd period - Slapshot by Marc-Edouard Vlasic.
10:31 of 2nd period - Deflect By Artem Anisimov.
10:31 of 2nd period - Stopped by Henrik Lundqvist with a rebound.
10:33 of 2nd period - Snap shot by Alexander Steen.
10:33 of 2nd period - Shot Blocked by Kevan Miller.
10:35 of 2nd period - Snap shot by Joe Thornton.
10:35 of 2nd period - Deflect By Kevan Miller.
10:35 of 2nd period - Stopped by Henrik Lundqvist with a rebound.
10:37 of 2nd period - Snap shot by Alexander Steen.
10:37 of 2nd period - Stopped by Henrik Lundqvist with a rebound.
11:23 of 2nd period - Snap shot by Johan Franzen.
11:23 of 2nd period - Deflect By Anders Lee.
11:23 of 2nd period - Shot Misses the Net.
11:23 of 2nd period - Puck is out of play.
11:24 of 2nd period - Joe Vitale wins face-off versus Zack Smith in MapleLeafs zone.
11:31 of 2nd period - Slapshot by Cam Atkinson.
11:31 of 2nd period - Stopped by Cory Schneider with a rebound.
12:04 of 2nd period - Mark Fayne is hit by Zack Smith.
12:20 of 2nd period - Zdeno Chara is hit by Kyle Palmieri.
12:46 of 2nd period - Wrist shot by Kyle Palmieri.
12:46 of 2nd period - Shot Misses the Net.
12:48 of 2nd period - Slapshot by Robyn Regehr.
12:48 of 2nd period - Stopped by Henrik Lundqvist with a rebound.
12:56 of 2nd period - Drew Doughty is hit by Zdeno Chara and loses puck.
13:18 of 2nd period - Artem Anisimov is hit by Alexander Steen and loses puck.
13:53 of 2nd period - Backhand shot by Brandon Saad.
13:53 of 2nd period - Shot Misses the Net.
13:55 of 2nd period - Snap shot by Hampus Lindholm.
13:55 of 2nd period - Shot Blocked by Ryan Kesler.
13:57 of 2nd period - Slapshot by Mark Fayne.
13:57 of 2nd period - Stopped by Cory Schneider without a rebound.
13:58 of 2nd period - Ryan Kesler wins face-off versus Brandon Saad in MapleLeafs zone.
14:23 of 2nd period - Slapshot by Hampus Lindholm.
14:23 of 2nd period - Stopped by Cory Schneider with a rebound.
14:25 of 2nd period - Slapshot by Hampus Lindholm.
14:25 of 2nd period - Shot Blocked by Jarred Tinordi.
14:27 of 2nd period - Wrist shot by Anders Lee.
14:27 of 2nd period - Shot Blocked by Jarred Tinordi.
14:47 of 2nd period - Sean Couturier is hit by Jarred Tinordi and loses puck.
15:02 of 2nd period - Slapshot by Drew Doughty.
15:02 of 2nd period - Shot Misses the Net.
15:04 of 2nd period - Snap shot by Zack Smith.
15:04 of 2nd period - Stopped by Henrik Lundqvist without a rebound.
15:05 of 2nd period - Andrew Desjardins wins face-off versus Joe Thornton in Blues zone.
15:10 of 2nd period - Slapshot by Johan Franzen.
15:10 of 2nd period - Shot Misses the Net.
15:12 of 2nd period - Snap shot by Andrew Desjardins.
15:12 of 2nd period - Stopped by Cory Schneider with a rebound.
15:52 of 2nd period - Steve Ott is hit by Karl Alzner and loses puck.
16:01 of 2nd period - Wrist shot by Kyle Palmieri.
16:01 of 2nd period - Stopped by Henrik Lundqvist without a rebound.
16:02 of 2nd period - Joe Vitale wins face-off versus Brandon Sutter in Blues zone.
16:18 of 2nd period - Snap shot by Cam Atkinson.
16:18 of 2nd period - Shot Misses the Net.
16:45 of 2nd period - Wrist shot by Sean Couturier.
16:45 of 2nd period - Stopped by Cory Schneider without a rebound.
16:46 of 2nd period - Sean Couturier wins face-off versus Ryan Kesler in MapleLeafs zone.
17:00 of 2nd period - Off-side.
17:01 of 2nd period - Steve Ott wins face-off versus Nick Foligno in neutral zone.
18:09 of 2nd period - Hampus Lindholm is hit by Dustin Brown and loses puck.
18:40 of 2nd period - Snap shot by Kyle Palmieri.
18:40 of 2nd period - Shot Misses the Net.
18:42 of 2nd period - Snap shot by Marc-Edouard Vlasic.
18:42 of 2nd period - Shot Misses the Net.
18:44 of 2nd period - Wrist shot by Karl Alzner.
18:44 of 2nd period - Shot Blocked by Sean Couturier.
18:54 of 2nd period - Slapshot by Gregory Campbell.
18:54 of 2nd period - Shot Misses the Net.
18:58 of 2nd period - Slapshot by Kyle Palmieri.
18:58 of 2nd period - Stopped by Henrik Lundqvist without a rebound.
18:59 of 2nd period - Andrew Desjardins wins face-off versus Zack Smith in Blues zone.
19:26 of 2nd period - Wrist shot by Dominic Moore.
19:26 of 2nd period - Shot Misses the Net.
Goals for this period are 0 for MapleLeafs vs 0 for Blues.
Shots for this period are 11 for MapleLeafs vs 13 for Blues.

3rd period


0:01 of 3rd period - Sean Couturier wins face-off versus Joe Thornton in neutral zone.
0:13 of 3rd period - Off-side.
0:14 of 3rd period - Joe Thornton wins face-off versus Sean Couturier in neutral zone.
0:47 of 3rd period - Snap shot by Alexander Steen.
0:47 of 3rd period - Deflect By Zdeno Chara.
0:47 of 3rd period - Shot Misses the Net.
0:47 of 3rd period - Puck is out of play.
0:48 of 3rd period - Joe Vitale wins face-off versus Ryan Kesler in Blues zone.
0:55 of 3rd period - Lee Stempniak is hit by Cam Atkinson and loses puck.
0:59 of 3rd period - Minor Penalty to Kevan Miller for Interference.
1:00 of 3rd period - Joe Thornton wins face-off versus Sean Couturier in Blues zone.
2:04 of 3rd period - Slapshot by Zdeno Chara.
2:04 of 3rd period - Stopped by Cory Schneider with a rebound.
2:27 of 3rd period - Mark Fayne is hit by Alexander Steen.
2:52 of 3rd period - Sean Couturier is hit by Dustin Brown and loses puck.
2:59 of 3rd period - Penalty to Kevan Miller is over, Kevan Miller is back on ice.
3:35 of 3rd period - Snap shot by Zack Smith.
3:35 of 3rd period - Shot Blocked by Steve Ott.
3:37 of 3rd period - Slapshot by Carl Gunnarsson.
3:37 of 3rd period - Stopped by Henrik Lundqvist with a rebound.
3:58 of 3rd period - Minor Penalty to Andrew Desjardins for Holding.
3:59 of 3rd period - Joe Vitale wins face-off versus Joe Thornton in Blues zone.
4:07 of 3rd period - Snap shot by Ryan Kesler.
4:07 of 3rd period - Shot Misses the Net.
4:09 of 3rd period - Slapshot by Karl Alzner.
4:09 of 3rd period - Shot Blocked by Bryan Allen.
5:32 of 3rd period - Drew Doughty is hit by Zdeno Chara and loses puck.
5:58 of 3rd period - Penalty to Andrew Desjardins is over, Andrew Desjardins is back on ice.
6:31 of 3rd period - Wrist shot by Artem Anisimov.
6:31 of 3rd period - Stopped by Cory Schneider without a rebound.
6:32 of 3rd period - Steve Ott wins face-off versus Brandon Sutter in MapleLeafs zone.
6:40 of 3rd period - Minor Penalty to Steve Ott for Goalie Interference.
6:41 of 3rd period - Joe Vitale wins face-off versus Brandon Sutter in Blues zone.
6:56 of 3rd period - Wrist shot by Johan Franzen.
6:56 of 3rd period - Shot Misses the Net.
7:38 of 3rd period - Snap shot by Johan Franzen.
7:38 of 3rd period - Stopped by Cory Schneider without a rebound.
7:39 of 3rd period - Joe Vitale wins face-off versus Brandon Sutter in MapleLeafs zone.
8:40 of 3rd period - Penalty to Steve Ott is over, Steve Ott is back on ice.
8:57 of 3rd period - Bryan Allen is hit by Ryan Kesler.
9:58 of 3rd period - Wrist shot by Drew Doughty.
9:58 of 3rd period - Stopped by Henrik Lundqvist without a rebound.
9:59 of 3rd period - Joe Vitale wins face-off versus Brandon Sutter in Blues zone.
9:59 of 3rd period - Joe Vitale is hit by Brandon Sutter.
10:05 of 3rd period - Snap shot by Brandon Sutter.
10:05 of 3rd period - Goal by Brandon Sutter - MapleLeafs : 1 - Blues : 1.
10:06 of 3rd period - Steve Ott wins face-off versus Ryan Kesler in neutral zone.
10:09 of 3rd period - Wrist shot by Artem Anisimov.
10:09 of 3rd period - Deflect By Rick Nash.
10:09 of 3rd period - Stopped by Cory Schneider without a rebound.
10:10 of 3rd period - Ryan Kesler wins face-off versus Steve Ott in MapleLeafs zone.
11:09 of 3rd period - Zdeno Chara is hit by Drew Doughty.
11:14 of 3rd period - Off-side.
11:15 of 3rd period - Zack Smith wins face-off versus Sean Couturier in neutral zone.
11:40 of 3rd period - Wrist shot by Zack Smith.
11:40 of 3rd period - Stopped by Henrik Lundqvist without a rebound.
11:41 of 3rd period - Joe Vitale wins face-off versus Joe Thornton in Blues zone.
11:41 of 3rd period - Joe Vitale is hit by Jarred Tinordi.
11:42 of 3rd period - Joe Vitale from Blues is injured at 11:42 of 3rd period (Sprained Right Finger).
11:43 of 3rd period - Joe Thornton wins face-off versus Sean Couturier in Blues zone.
11:44 of 3rd period - Snap shot by Alexander Steen.
11:44 of 3rd period - Stopped by Henrik Lundqvist without a rebound.
11:45 of 3rd period - Joe Thornton wins face-off versus Johan Franzen in Blues zone.
12:05 of 3rd period - Wrist shot by Zdeno Chara.
12:05 of 3rd period - Shot Misses the Net.
12:54 of 3rd period - Snap shot by Brandon Saad.
12:54 of 3rd period - Stopped by Cory Schneider with a rebound.
12:56 of 3rd period - Slapshot by Josh Gorges.
12:56 of 3rd period - Stopped by Cory Schneider with a rebound.
12:58 of 3rd period - Snap shot by Cam Atkinson.
12:58 of 3rd period - Stopped by Cory Schneider without a rebound.
12:59 of 3rd period - Andrew Desjardins wins face-off versus Brandon Sutter in MapleLeafs zone.
13:04 of 3rd period - Snap shot by Cam Atkinson.
13:04 of 3rd period - Deflect By Kyle Palmieri.
13:04 of 3rd period - Stopped by Cory Schneider with a rebound.
13:06 of 3rd period - Snap shot by Cam Atkinson.
13:06 of 3rd period - Stopped by Cory Schneider without a rebound.
13:07 of 3rd period - Steve Ott wins face-off versus Brandon Sutter in MapleLeafs zone.
13:43 of 3rd period - Wrist shot by Rick Nash.
13:43 of 3rd period - Deflect By Jarred Tinordi.
13:43 of 3rd period - Shot Misses the Net.
13:43 of 3rd period - Puck is out of play.
13:44 of 3rd period - Joe Thornton wins face-off versus Tomas Tatar in MapleLeafs zone.
13:49 of 3rd period - Snap shot by Joe Thornton.
13:49 of 3rd period - Shot Misses the Net.
14:05 of 3rd period - Bryan Allen is hit by Nick Foligno and loses puck.
14:12 of 3rd period - Slapshot by Zdeno Chara.
14:12 of 3rd period - Deflect By Cam Atkinson.
14:12 of 3rd period - Shot Misses the Net.
14:12 of 3rd period - Puck is out of play.
14:13 of 3rd period - Ryan Kesler wins face-off versus Andrew Desjardins in MapleLeafs zone.
14:30 of 3rd period - Slapshot by Dustin Brown.
14:30 of 3rd period - Shot Misses the Net.
14:51 of 3rd period - Minor Penalty to Johan Franzen for Hooking.
14:52 of 3rd period - Joe Thornton wins face-off versus Sean Couturier in Blues zone.
15:38 of 3rd period - Slapshot by Drew Doughty.
15:38 of 3rd period - Deflect By Brandon Sutter.
15:38 of 3rd period - Shot Misses the Net.
15:38 of 3rd period - Puck is out of play.
15:39 of 3rd period - Brandon Sutter wins face-off versus Andrew Desjardins in Blues zone.
16:06 of 3rd period - Mark Fayne is hit by Brandon Sutter and loses puck.
16:51 of 3rd period - Penalty to Johan Franzen is over, Johan Franzen is back on ice.
17:13 of 3rd period - Wrist shot by Cam Atkinson.
17:13 of 3rd period - Shot Misses the Net.
17:15 of 3rd period - Snap shot by Bryan Allen.
17:15 of 3rd period - Stopped by Cory Schneider without a rebound.
17:16 of 3rd period - Tomas Tatar wins face-off versus Zack Smith in MapleLeafs zone.
18:03 of 3rd period - Zdeno Chara is hit by Carl Gunnarsson and loses puck.
18:14 of 3rd period - Alexander Steen is hit by Johan Franzen.
18:22 of 3rd period - Snap shot by Joe Thornton.
18:22 of 3rd period - Stopped by Henrik Lundqvist with a rebound.
18:24 of 3rd period - Slapshot by Alexander Steen.
18:24 of 3rd period - Shot Blocked by Sean Couturier.
18:26 of 3rd period - Slapshot by Marc-Edouard Vlasic.
18:26 of 3rd period - Deflect By Sean Couturier.
18:26 of 3rd period - Stopped by Henrik Lundqvist with a rebound.
18:28 of 3rd period - Slapshot by Karl Alzner.
18:28 of 3rd period - Shot Blocked by Zdeno Chara.
18:30 of 3rd period - Wrist shot by Joe Thornton.
18:30 of 3rd period - Shot Blocked by Zdeno Chara.
18:32 of 3rd period - Slapshot by Marc-Edouard Vlasic.
18:32 of 3rd period - Stopped by Henrik Lundqvist without a rebound.
18:33 of 3rd period - Brandon Sutter wins face-off versus Steve Ott in Blues zone.
19:05 of 3rd period - Snap shot by Kyle Palmieri.
19:05 of 3rd period - Shot Misses the Net.
19:07 of 3rd period - Snap shot by Karl Alzner.
19:07 of 3rd period - Shot Misses the Net.
19:09 of 3rd period - Snap shot by Marc-Edouard Vlasic.
19:09 of 3rd period - Deflect By Brandon Sutter.
19:09 of 3rd period - Shot Blocked by Josh Gorges.
19:09 of 3rd period - Puck is out of play.
19:10 of 3rd period - Ryan Kesler wins face-off versus Andrew Desjardins in Blues zone.
19:33 of 3rd period - Snap shot by Cam Atkinson.
19:33 of 3rd period - Shot Misses the Net.
19:35 of 3rd period - Slapshot by Mark Fayne.
19:35 of 3rd period - Shot Blocked by Robyn Regehr.
19:37 of 3rd period - Slapshot by Hampus Lindholm.
19:37 of 3rd period - Shot Misses the Net.
19:39 of 3rd period - Slapshot by Andrew Desjardins.
19:39 of 3rd period - Deflect By Cam Atkinson.
19:39 of 3rd period - Shot Blocked by Drew Doughty.
19:39 of 3rd period - Puck is out of play.
19:40 of 3rd period - Joe Thornton wins face-off versus Sean Couturier in MapleLeafs zone.
19:40 of 3rd period - Joe Thornton is hit by Bryan Allen.
Goals for this period are 1 for MapleLeafs vs 0 for Blues.
Shots for this period are 8 for MapleLeafs vs 10 for Blues.

Overtime #1


0:01 of 1st overtime period - Joe Thornton wins face-off versus Johan Franzen in neutral zone.
0:36 of 1st overtime period - Slapshot by Anders Lee.
0:36 of 1st overtime period - Stopped by Cory Schneider without a rebound.
0:37 of 1st overtime period - Joe Thornton wins face-off versus Sean Couturier in MapleLeafs zone.
1:11 of 1st overtime period - Snap shot by Sean Couturier.
1:11 of 1st overtime period - Stopped by Cory Schneider with a rebound.
1:13 of 1st overtime period - Slapshot by Mark Fayne.
1:13 of 1st overtime period - Shot Blocked by Karl Alzner.
1:15 of 1st overtime period - Slapshot by Mark Fayne.
1:15 of 1st overtime period - Stopped by Cory Schneider with a rebound.
1:59 of 1st overtime period - Snap shot by Rick Nash.
1:59 of 1st overtime period - Shot Misses the Net.
2:01 of 1st overtime period - Slapshot by Josh Gorges.
2:01 of 1st overtime period - Stopped by Cory Schneider without a rebound.
2:02 of 1st overtime period - Sean Couturier wins face-off versus Lee Stempniak in MapleLeafs zone.
2:15 of 1st overtime period - Slapshot by Drew Doughty.
2:15 of 1st overtime period - Stopped by Henrik Lundqvist with a rebound.
2:23 of 1st overtime period - Snap shot by Anders Lee.
2:23 of 1st overtime period - Shot Blocked by Zack Smith.
2:50 of 1st overtime period - Slapshot by Mark Fayne.
2:50 of 1st overtime period - Deflect By Joe Thornton.
2:50 of 1st overtime period - Stopped by Cory Schneider with a rebound.
4:14 of 1st overtime period - Minor Penalty to Zack Smith for Roughing.
4:15 of 1st overtime period - Sean Couturier wins face-off versus Brandon Sutter in MapleLeafs zone.
4:18 of 1st overtime period - Snap shot by Rick Nash.
4:18 of 1st overtime period - Stopped by Cory Schneider with a rebound.
4:47 of 1st overtime period - Off-side.
4:48 of 1st overtime period - Brandon Sutter wins face-off versus Johan Franzen in neutral zone.
4:52 of 1st overtime period - Slapshot by Robyn Regehr.
4:52 of 1st overtime period - Stopped by Henrik Lundqvist with a rebound.
Goals for this period are 0 for MapleLeafs vs 0 for Blues.
Shots for this period are 2 for MapleLeafs vs 6 for Blues.

ShootOut


5:00 of 1st overtime period - Penalty Shot by Joe Thornton for MapleLeafs.
5:00 of 1st overtime period - Wrist shot by Joe Thornton.
5:00 of 1st overtime period - Stopped by Henrik Lundqvist.
5:00 of 1st overtime period - Penalty Shot by Sean Couturier for Blues.
5:00 of 1st overtime period - Backhand shot by Sean Couturier.
5:00 of 1st overtime period - Shot Misses the Net.
5:00 of 1st overtime period - Penalty Shot by Alexander Steen for MapleLeafs.
5:00 of 1st overtime period - Snap shot by Alexander Steen.
5:00 of 1st overtime period - Stopped by Henrik Lundqvist.
5:00 of 1st overtime period - Penalty Shot by Steve Ott for Blues.
5:00 of 1st overtime period - Deke by Steve Ott.
5:00 of 1st overtime period - Goal by Steve Ott.
5:00 of 1st overtime period - Penalty Shot by Drew Doughty for MapleLeafs.
5:00 of 1st overtime period - Deke by Drew Doughty.
5:00 of 1st overtime period - Goal by Drew Doughty.
5:00 of 1st overtime period - Penalty Shot by Rick Nash for Blues.
5:00 of 1st overtime period - Deke by Rick Nash.
5:00 of 1st overtime period - Shot Misses the Net.
5:00 of 1st overtime period - Penalty Shot by Ryan Kesler for MapleLeafs.
5:00 of 1st overtime period - Snap shot by Ryan Kesler.
5:00 of 1st overtime period - Stopped by Henrik Lundqvist.
5:00 of 1st overtime period - Penalty Shot by Johan Franzen for Blues.
5:00 of 1st overtime period - Backhand shot by Johan Franzen.
5:00 of 1st overtime period - Goal by Johan Franzen.


Output by the SimonT Hockey Simulator (STHS) for Eric Dolegowski -- Original Page W3C XHTML 1.0 Valid
Hockey Simulator - Hockey Simulation - Hockey Manager